[Event "Condigne Dutch Open 2018"]
[Site "Dieren"]
[Date "2018.07.27"]
[Round "4"]
[White "De Jong, Tom"]
[Black "Maris, Ivo"]
[Result "1-0"]
[ECO "B01"]
[WhiteElo "2201"]
[BlackElo "2342"]
[Annotator "NA"]
[PlyCount "67"]
[EventDate "2018.07.24"]
[EventType "swiss"]
[EventCountry "NED"]
[SourceTitle "playchess.com"]
[Source "ChessBase"]
[SourceQuality "1"]
[TimeControl "40/5400+30:1800+30"]

1. e4 d5 2. exd5 Nf6 3. d4 Bg4 4. Nf3 Qxd5 5. Be2 Nc6 6. c4 Qh5 7. Nc3 O-O-O 8. Be3 e5 9. d5 e4 10. Qa4 exf3 11. gxf3 Bxf3 12. dxc6 Bxc6 13. Qxa7 Qh4 14. Rg1 Qxh2 15. Qa8+ Kd7 16. O-O-O+ Bd6 17. Qa5 Ke7 18. Rxg7 b6 19. Qf5 Qe5 20. Qh3 Bb4 21. Nb5 Rxd1+ 22. Bxd1 Bxb5 23. cxb5 Rd8 24. Bb3 Rf8 25. Bg5 Qc5+ 26. Kb1 Qxf2 27. Qe6+ Kd8 28. Bxf6+ Be7 29. Bxe7+ Ke8 30. Qe5 Qf1+ 31. Kc2 Qf2+ 32. Kc3 Qf3+ 33. Kb4 f6 34. Bxf6# 1-0

[Event "Condigne Dutch Open 2018"]
[Site "Dieren"]
[Date "2018.07.27"]
[Round "4"]
[White "Sparenberg, Erik"]
[Black "Zwirs, Nico"]
[Result "0-1"]
[ECO "E94"]
[WhiteElo "2173"]
[BlackElo "2386"]
[Annotator "NA"]
[PlyCount "104"]
[EventDate "2018.07.24"]
[EventType "swiss"]
[EventCountry "NED"]
[SourceTitle "playchess.com"]
[Source "ChessBase"]
[SourceQuality "1"]
[TimeControl "40/5400+30:1800+30"]

1. d4 Nf6 2. c4 g6 3. Nc3 Bg7 4. e4 d6 5. Nf3 O-O 6. Be2 e5 7. O-O exd4 8. Nxd4 Re8 9. f3 c6 10. Bg5 Qb6 11. Na4 Qa5 12. Bd2 Qd8 13. Bc3 a6 14. c5 dxc5 15. Nxc5 b6 16. Ncb3 Ra7 17. Qe1 Nh5 18. g3 Rae7 19. Nc2 f5 20. Rd1 Qc7 21. Bxg7 Nxg7 22. Bd3 fxe4 23. Bxe4 Bf5 24. Nd2 Nd7 25. Qf2 Nc5 26. Nd4 Nxe4 27. Nxe4 Bxe4 28. fxe4 c5 29. Nf3 Rxe4 30. Qd2 Nf5 31. Rfe1 Ne3 32. Ng5 Rd4 33. Rxe3 Red8 34. Ne6 Rxd2 35. Rxd2 Rxd2 36. Nxc7 Rxb2 37. Nxa6 Rxa2 38. Nb8 c4 39. Nd7 b5 40. Re7 c3 41. Nf6+ Kf8 42. Rd7 Ra6 43. Nxh7+ Kg8 44. Rc7 b4 45. Kg2 Ra2+ 46. Kh3 c2 47. Kg4 b3 48. Kg5 Ra7 49. Nf6+ Kf8 50. Rxa7 c1=Q+ 51. Kxg6 Qc2+ 52. Kg5 Qc5+ 0-1

[Event "Condigne Dutch Open 2018"]
[Site "Dieren"]
[Date "2018.07.27"]
[Round "4"]
[White "Elgersma, Onno"]
[Black "Viani Antonio Dcunha"]
[Result "0-1"]
[ECO "A31"]
[WhiteElo "2150"]
[BlackElo "2404"]
[Annotator "NA"]
[PlyCount "96"]
[EventDate "2018.07.24"]
[EventType "swiss"]
[EventCountry "NED"]
[SourceTitle "playchess.com"]
[Source "ChessBase"]
[SourceQuality "1"]
[TimeControl "40/5400+30:1800+30"]

1. e4 c5 2. Nf3 e6 3. d4 cxd4 4. Nxd4 a6 5. c4 Qc7 6. Nc3 Nf6 7. a3 b6 8. Be2 Bb7 9. f3 Be7 10. Be3 d6 11. O-O Nbd7 12. Qd2 Rc8 13. Rac1 O-O 14. b4 Qb8 15. Rfd1 Bd8 16. Nb3 Bc7 17. Bf4 Ne5 18. Bxe5 dxe5 19. Kh1 Nh5 20. c5 b5 21. a4 bxa4 22. Nxa4 Bc6 23. Nc3 Qxb4 24. Nd5 Qxb3 25. Ne7+ Kh8 26. Nxc6 Qa4 27. Nb4 Rfd8 28. Qb2 Rb8 29. Rb1 f6 30. Rxd8+ Bxd8 31. Bd1 Qb5 32. Be2 Qxc5 33. Rd1 Be7 34. Nxa6 Rxb2 35. Nxc5 Rxe2 36. Nxe6 Nf4 37. Nc7 h5 38. g3 Nh3 39. Rd7 Ng5 40. Kg1 Bc5+ 41. Kf1 Rf2+ 42. Ke1 Nxf3+ 43. Kd1 Bd4 44. Rd8+ Kh7 45. Re8 Bb2 46. Rd8 Nd4 47. Rd7 Bc3 48. Re7 Rf1# 0-1

[Event "Condigne Dutch Open 2018"]
[Site "Dieren"]
[Date "2018.07.27"]
[Round "4"]
[White "Bruil, Rembrandt"]
[Black "Hendriks, Willy"]
[Result "1/2-1/2"]
[ECO "B07"]
[WhiteElo "2126"]
[BlackElo "2417"]
[Annotator "NA"]
[PlyCount "66"]
[EventDate "2018.07.24"]
[EventType "swiss"]
[EventCountry "NED"]
[SourceTitle "playchess.com"]
[Source "ChessBase"]
[SourceQuality "1"]
[TimeControl "40/5400+30:1800+30"]

1. Nf3 d6 2. d4 g6 3. Nbd2 Bg7 4. e4 Nf6 5. Bd3 O-O 6. O-O Nc6 7. c3 e5 8. dxe5 Nxe5 9. Nxe5 dxe5 10. Qc2 Nh5 11. Re1 Nf4 12. Bf1 Qf6 13. Nc4 Re8 14. Ne3 Bf8 15. a4 a5 16. Bd2 Bc5 17. Rad1 Be6 18. Bc1 Rad8 19. Rxd8 Rxd8 20. Rd1 Kg7 21. Kh1 c6 22. Kg1 Qe7 23. Rxd8 Qxd8 24. Kh1 f6 25. Nc4 b5 26. axb5 cxb5 27. Ne3 Qb6 28. c4 bxc4 29. Bxc4 Bxe3 30. Bxe3 Qb4 31. Bf1 g5 32. Bd2 Qb6 33. Kg1 a4 1/2-1/2

[Event "Condigne Dutch Open 2018"]
[Site "Dieren"]
[Date "2018.07.27"]
[Round "4"]
[White "Zwirs, Jasper"]
[Black "Ojas Kulkarni"]
[Result "0-1"]
[ECO "C55"]
[WhiteElo "2124"]
[BlackElo "2226"]
[Annotator "NA"]
[PlyCount "74"]
[EventDate "2018.07.24"]
[EventType "swiss"]
[EventCountry "NED"]
[SourceTitle "playchess.com"]
[Source "ChessBase"]
[SourceQuality "1"]
[TimeControl "40/5400+30:1800+30"]

1. e4 e5 2. Nf3 Nc6 3. Bc4 Nf6 4. d3 h6 5. O-O d6 6. c3 Qe7 7. b4 g5 8. Re1 g4 9. Nfd2 h5 10. Nf1 Be6 11. Nbd2 Bh6 12. d4 exd4 13. cxd4 Nxd4 14. Bb2 Nc6 15. Qa4 Bd7 16. e5 Nxe5 17. b5 O-O 18. Qc2 Rae8 19. Bb3 Bxb5 20. Ng3 Bd7 21. Nde4 h4 22. Nxf6+ Qxf6 23. Ne4 Qg6 24. Qxc7 Bc6 25. Bxe5 dxe5 26. Bc2 Bg7 27. Re2 Rc8 28. Qe7 Bb5 29. Nc3 Bxe2 30. Bxg6 Rxc3 31. Be4 Rfc8 32. f3 g3 33. hxg3 hxg3 34. Bh7+ Kxh7 35. Qh4+ Bh6 36. Qe4+ Kg8 37. Qg4+ Kh8 0-1

[Event "Condigne Dutch Open 2018"]
[Site "Dieren"]
[Date "2018.07.27"]
[Round "4"]
[White "Bartakke, Amardeep S"]
[Black "Geurink, Jasper"]
[Result "0-1"]
[ECO "C01"]
[WhiteElo "2066"]
[BlackElo "2348"]
[Annotator "NA"]
[PlyCount "90"]
[EventDate "2018.07.24"]
[EventType "swiss"]
[EventCountry "NED"]
[SourceTitle "playchess.com"]
[Source "ChessBase"]
[SourceQuality "1"]
[TimeControl "40/5400+30:1800+30"]

1. e4 e6 2. d4 d5 3. Bd3 c5 4. exd5 exd5 5. Nf3 c4 6. Be2 Nf6 7. b3 cxb3 8. axb3 Nc6 9. O-O Be7 10. c4 h6 11. Na3 Be6 12. Nc2 O-O 13. c5 a5 14. Bd2 b6 15. b4 axb4 16. Nxb4 Nxb4 17. Bxb4 Ne4 18. Ne5 bxc5 19. Nc6 Qc7 20. Nxe7+ Qxe7 21. dxc5 Qf6 22. c6 Rfc8 23. Rxa8 Rxa8 24. Qc2 Qd4 25. Be7 Qc3 26. Rc1 Qxc2 27. Rxc2 Ra1+ 28. Bf1 d4 29. c7 Bc8 30. Rb2 Ba6 31. c8=Q+ Bxc8 32. Rb8 Nd2 33. Rxc8+ Kh7 34. h3 Rxf1+ 35. Kh2 Rxf2 36. Rd8 Re2 37. Bc5 f5 38. Bxd4 f4 39. Kg1 g5 40. Rf8 Ne4 41. h4 Kg6 42. Rh8 g4 43. Rf8 Re1+ 44. Kh2 g3+ 45. Kh3 Re2 0-1

[Event "Condigne Dutch Open 2018"]
[Site "Dieren"]
[Date "2018.07.28"]
[Round "5"]
[White "Van den Doel, Erik"]
[Black "Maatman, Nick"]
[Result "1/2-1/2"]
[ECO "D03"]
[WhiteElo "2593"]
[BlackElo "2345"]
[Annotator "ChessBase"]
[PlyCount "82"]
[EventDate "2018.07.24"]
[EventType "swiss"]
[EventCountry "NED"]
[SourceTitle "playchess.com"]
[Source "ChessBase"]
[SourceQuality "1"]
[TimeControl "40/5400+30:1800+30"]

1. d4 Nf6 2. Nf3 g6 3. Bg5 Bg7 4. Nbd2 O-O 5. c3 d5 6. e3 b6 7. a4 c5 8. a5 Nc6 9. axb6 Qxb6 10. Qb3 Rb8 11. Qxb6 Rxb6 12. Ra2 cxd4 13. exd4 Bf5 14. Be2 Rfb8 15. b4 a5 16. bxa5 Rb2 17. Ra3 e5 18. Nxe5 Nxe5 19. dxe5 Ne4 20. Nxe4 Rb1+ 21. Bd1 Bxe4 22. f3 Bd3 23. Kf2 Bxe5 24. a6 Bd6 25. Ra5 R1b2+ 26. Ke3 Bc4 27. f4 Bc7 28. Ra1 Rxg2 29. a7 Bb6+ 30. Kf3 Rf2+ 31. Kg3 Ra8 32. Re1 Ra2 33. Rxa2 Bxa2 34. Bh6 Bxa7 35. Bf3 Bc5 36. Rd1 Rd8 37. Bg5 Rd7 38. Bf6 Be7 39. Bd4 Bc4 40. Ra1 f5 41. Ra8+ Rd8 1/2-1/2

[Event "Condigne Dutch Open 2018"]
[Site "Dieren"]
[Date "2018.07.28"]
[Round "5"]
[White "Ivanisevic, Ivan"]
[Black "Ashwath, R.."]
[Result "1-0"]
[ECO "D38"]
[WhiteElo "2567"]
[BlackElo "2285"]
[Annotator "ChessBase"]
[PlyCount "67"]
[EventDate "2018.07.24"]
[EventType "swiss"]
[EventCountry "NED"]
[SourceTitle "playchess.com"]
[Source "ChessBase"]
[SourceQuality "1"]
[TimeControl "40/5400+30:1800+30"]

1. d4 d5 2. c4 e6 3. Nf3 Nf6 4. Nc3 Bb4 5. Qa4+ Nc6 6. e3 O-O 7. a3 Be7 8. Qc2 a6 9. b3 dxc4 10. bxc4 Re8 11. Bb2 b6 12. Rd1 Bb7 13. d5 exd5 14. Nxd5 Nxd5 15. cxd5 Na5 16. Bd3 h6 17. Bh7+ Kf8 18. O-O Bf6 19. e4 Qd6 20. Bxf6 Qxf6 21. Rfe1 Qe7 22. Re3 Rad8 23. Nd4 Bc8 24. Qc1 g6 25. Nf5 gxf5 26. Rg3 Qd6 27. Rg8+ Ke7 28. e5 Qc5 29. d6+ cxd6 30. exd6+ Kd7 31. Bxf5+ Re6 32. Bxe6+ fxe6 33. Rg7+ Kc6 34. Rc7+ 1-0

[Event "Condigne Dutch Open 2018"]
[Site "Dieren"]
[Date "2018.07.28"]
[Round "5"]
[White "Lobanov, Sergei"]
[Black "Chanda, Sandipan"]
[Result "1/2-1/2"]
[ECO "B80"]
[WhiteElo "2521"]
[BlackElo "2548"]
[Annotator "ChessBase"]
[PlyCount "120"]
[EventDate "2018.07.24"]
[EventType "swiss"]
[EventCountry "NED"]
[SourceTitle "playchess.com"]
[Source "ChessBase"]
[SourceQuality "1"]
[TimeControl "40/5400+30:1800+30"]

1. e4 c5 2. Nf3 d6 3. d4 cxd4 4. Nxd4 Nf6 5. Nc3 a6 6. f3 e6 7. Be3 b5 8. Qd2 b4 9. Na4 Nbd7 10. O-O-O Qa5 11. b3 Bb7 12. Kb1 Nc5 13. a3 Nxa4 14. axb4 Qc7 15. bxa4 d5 16. Bf4 Bd6 17. Bb5+ axb5 18. Nxb5 Bxf4 19. Nxc7+ Bxc7 20. exd5 Bxd5 21. c4 Rxa4 22. cxd5 Nxd5 23. Rhe1 Rxb4+ 24. Kc2 O-O 25. Re4 Rc8 26. Kd3 Rb3+ 27. Ke2 Nc3+ 28. Kf1 Nxd1 29. Qxd1 Rcb8 30. Rc4 Rb1 31. Rc1 Rxc1 32. Qxc1 Bxh2 33. Kf2 Be5 34. f4 Bf6 35. g4 h6 36. Qc7 Rb2+ 37. Kf3 g5 38. fxg5 hxg5 39. Qc8+ Kg7 40. Qc4 Rd2 41. Qe4 Rd4 42. Qe2 Rf4+ 43. Kg2 e5 44. Kg3 e4 45. Kh3 Be5 46. Qb5 Rf3+ 47. Kg2 Rg3+ 48. Kf2 Bf4 49. Qb2+ Kg8 50. Qb7 e3+ 51. Kf1 Rh3 52. Qc8+ Kh7 53. Qc2+ Kh6 54. Qc6+ Kh7 55. Qc2+ Kg7 56. Qc3+ f6 57. Qb4 Rh1+ 58. Ke2 Rh2+ 59. Kf3 Rh3+ 60. Ke2 Rh2+ 1/2-1/2

[Event "Condigne Dutch Open 2018"]
[Site "Dieren"]
[Date "2018.07.28"]
[Round "5"]
[White "Hausrath, Daniel"]
[Black "Shyaamnikhil P"]
[Result "1/2-1/2"]
[ECO "D02"]
[WhiteElo "2495"]
[BlackElo "2375"]
[Annotator "ChessBase"]
[PlyCount "51"]
[EventDate "2018.07.24"]
[EventType "swiss"]
[EventCountry "NED"]
[SourceTitle "playchess.com"]
[Source "ChessBase"]
[SourceQuality "1"]
[TimeControl "40/5400+30:1800+30"]

1. Nf3 d5 2. g3 g6 3. Bg2 Bg7 4. d4 Nh6 5. h4 Nd7 6. c4 dxc4 7. Na3 Nb6 8. Nxc4 Nf5 9. Na5 Nxd4 10. Nxd4 Qxd4 11. Qxd4 Bxd4 12. Nxb7 a5 13. Bd2 a4 14. Rc1 Ra7 15. Rxc7 O-O 16. O-O Bxb7 17. Rxb7 Rxb7 18. Bxb7 Bxb2 19. Bb4 Rb8 20. Bc6 Nd5 21. Bd2 Nc3 22. Bxc3 Bxc3 23. Bxa4 Rb2 24. Rc1 Rxa2 25. Rxc3 Rxa4 26. Kg2 1/2-1/2

[Event "Condigne Dutch Open 2018"]
[Site "Dieren"]
[Date "2018.07.28"]
[Round "5"]
[White "Van Foreest, Lucas"]
[Black "Vrolijk, Liam"]
[Result "1-0"]
[ECO "C11"]
[WhiteElo "2488"]
[BlackElo "2419"]
[Annotator "ChessBase"]
[PlyCount "41"]
[EventDate "2018.07.24"]
[EventType "swiss"]
[EventCountry "NED"]
[SourceTitle "playchess.com"]
[Source "ChessBase"]
[SourceQuality "1"]
[TimeControl "40/5400+30:1800+30"]

1. e4 e6 2. d4 d5 3. Nc3 Nf6 4. e5 Nfd7 5. f4 c5 6. Nf3 Nc6 7. Be3 Be7 8. Qd2 a6 9. Bd3 b5 10. O-O O-O 11. Nd1 cxd4 12. Nxd4 Bb7 13. Nf2 Nc5 14. Qe2 Qc7 15. c3 Rac8 16. Rac1 Qb8 17. Bxh7+ Kxh7 18. Qh5+ Kg8 19. Ng4 Nxd4 20. Bxd4 Ne4 21. Rf3 1-0

[Event "Condigne Dutch Open 2018"]
[Site "Dieren"]
[Date "2018.07.28"]
[Round "5"]
[White "Leenhouts, Koen"]
[Black "Schoppen, Casper"]
[Result "1/2-1/2"]
[ECO "A90"]
[WhiteElo "2483"]
[BlackElo "2395"]
[Annotator "ChessBase"]
[PlyCount "145"]
[EventDate "2018.07.24"]
[EventType "swiss"]
[EventCountry "NED"]
[SourceTitle "playchess.com"]
[Source "ChessBase"]
[SourceQuality "1"]
[TimeControl "40/5400+30:1800+30"]

1. d4 e6 2. c4 f5 3. Nf3 Nf6 4. g3 d5 5. Bg2 c6 6. O-O Bd6 7. Nc3 O-O 8. Rb1 Ne4 9. Qc2 Qe7 10. Bf4 Nd7 11. Bxd6 Nxd6 12. Nd2 h5 13. b4 h4 14. b5 hxg3 15. bxc6 gxf2+ 16. Rxf2 Nf6 17. cxd5 Ng4 18. Rf3 Qh4 19. Nf1 Nf6 20. Qd2 bxc6 21. dxc6 Ba6 22. Qf4 Qxf4 23. Rxf4 g5 24. Rf3 Rac8 25. Re3 Rfe8 26. Re5 Rc7 27. a4 Kf7 28. Ra5 Bc4 29. Ne3 Bd5 30. Nexd5 exd5 31. Nxd5 Nxd5 32. Bxd5+ Kf6 33. Rb2 g4 34. Rc5 Ree7 35. a5 a6 36. Bg2 Nb5 37. Rd2 Nd6 38. Kf2 Rh7 39. Kg3 Rce7 40. e4 fxe4 41. Rf2+ Kg6 42. Rd5 Ne8 43. Rf4 e3 44. Rxg4+ Kf7 45. Rf5+ Ke6 46. Re5+ Kd6 47. Kf3 Nf6 48. Rgg5 Rxh2 49. Rxe7 Kxe7 50. Kxe3 Ne8 51. Re5+ Kd6 52. Bf3 Nc7 53. Rg5 Rh6 54. Rg7 Re6+ 55. Kd3 Re7 56. Rg1 Re8 57. Kc4 Re3 58. Rg6+ Ke7 59. Rg7+ Kd8 60. Rd7+ Kc8 61. Bg4 Kb8 62. Bf5 Ra3 63. Kb4 Rf3 64. Be4 Re3 65. Bf5 Rf3 66. Rf7 Rg3 67. Kc5 Rc3+ 68. Kd6 Nb5+ 69. Kd7 Nxd4 70. Rf8+ Ka7 71. c7 Rxc7+ 72. Kxc7 Ne6+ 73. Bxe6 1/2-1/2

[Event "Condigne Dutch Open 2018"]
[Site "Dieren"]
[Date "2018.07.28"]
[Round "5"]
[White "Lai, Hing Ting"]
[Black "De Jong, Tom"]
[Result "1-0"]
[ECO "E63"]
[WhiteElo "2447"]
[BlackElo "2201"]
[Annotator "NA RC"]
[PlyCount "55"]
[EventDate "2018.07.24"]
[EventType "swiss"]
[EventCountry "NED"]
[SourceTitle "playchess.com"]
[Source "ChessBase"]
[SourceQuality "1"]
[TimeControl "40/5400+30:1800+30"]

1. Nf3 Nf6 2. g3 g6 3. Bg2 Bg7 4. O-O O-O 5. d4 d6 6. c4 Nc6 7. Nc3 a6 8. e3 e5 9. d5 Ne7 10. e4 Ne8 11. Ne1 f5 12. Nd3 Nf6 13. Bd2 fxe4 14. Nxe4 Nxe4 15. Bxe4 Bh3 16. Re1 Nf5 17. Bc3 Rf7 18. f4 Qf8 19. Nf2 exf4 20. gxf4 Bxc3 21. bxc3 Qh6 22. Qd3 Qxf4 23. Nxh3 Qg4+ 24. Kh1 Raf8 25. Rg1 Qh4 26. Ng5 Re7 27. Ne6 Rf6 28. Bxf5 1-0

[Event "Condigne Dutch Open 2018"]
[Site "Dieren"]
[Date "2018.07.28"]
[Round "5"]
[White "Himanshu, Sharma"]
[Black "Buckels, Valentin"]
[Result "1/2-1/2"]
[ECO "C68"]
[WhiteElo "2420"]
[BlackElo "2353"]
[Annotator "NA"]
[PlyCount "118"]
[EventDate "2018.07.24"]
[EventType "swiss"]
[EventCountry "NED"]
[SourceTitle "playchess.com"]
[Source "ChessBase"]
[SourceQuality "1"]
[TimeControl "40/5400+30:1800+30"]

1. e4 e5 2. Nf3 Nc6 3. Bb5 a6 4. Bxc6 dxc6 5. O-O Bd6 6. d4 exd4 7. Qxd4 f6 8. Be3 Ne7 9. Nbd2 Be6 10. Qc3 Qd7 11. Nc4 Bxc4 12. Qxc4 Ng6 13. Rad1 O-O-O 14. Nd4 Ne5 15. Qe2 g6 16. f3 Qf7 17. f4 Nc4 18. b3 Nxe3 19. Qxe3 Rhe8 20. Kh1 Bc5 21. c3 Rd7 22. Rfe1 Rde7 23. Qf3 Qd5 24. b4 Bb6 25. Qh3+ Kb8 26. Qxh7 Rxe4 27. Rxe4 Qxe4 28. h3 c5 29. Nf3 Qc2 30. Qd7 Re2 31. bxc5 Bxc5 32. Rd2 Qc1+ 33. Kh2 Rxd2 34. Qxd2 Qxd2 35. Nxd2 Be3 36. Nf3 Bxf4+ 37. Kg1 Bg3 38. Kf1 c5 39. c4 Kc7 40. Ke2 Kd6 41. a4 Ke6 42. Kd3 Kf5 43. Nd2 Be1 44. g4+ Ke6 45. Nf3 Bg3 46. Ke4 Kd6 47. Kd3 Kc6 48. Kc3 Kc7 49. Kc2 Kb6 50. Kc3 Bf2 51. Kc2 Ka5 52. Kb3 g5 53. Nd2 b5 54. axb5 axb5 55. Ne4 Bd4 56. Nd6 b4 57. Ne4 Kb6 58. Nd2 Kc6 59. Nf3 Bc3 1/2-1/2

[Event "Condigne Dutch Open 2018"]
[Site "Dieren"]
[Date "2018.07.28"]
[Round "5"]
[White "Hendriks, Willy"]
[Black "Ojas Kulkarni"]
[Result "1-0"]
[ECO "B20"]
[WhiteElo "2417"]
[BlackElo "2226"]
[Annotator "NA"]
[PlyCount "101"]
[EventDate "2018.07.24"]
[EventType "swiss"]
[EventCountry "NED"]
[SourceTitle "playchess.com"]
[Source "ChessBase"]
[SourceQuality "1"]
[TimeControl "40/5400+30:1800+30"]

1. g3 c5 2. Bg2 Nc6 3. e4 e6 4. d3 g6 5. f4 Bg7 6. Nf3 Nge7 7. O-O Rb8 8. c3 d5 9. Be3 b6 10. Bf2 O-O 11. Na3 Qd7 12. e5 a5 13. Nc2 Ba6 14. Re1 Rfc8 15. g4 d4 16. cxd4 Nxd4 17. Ncxd4 cxd4 18. Qd2 Nd5 19. Nxd4 Bf8 20. a3 Bc5 21. Nf3 Bxf2+ 22. Kxf2 Qa4 23. Re4 Qb3 24. Nd4 Qxd3 25. Rd1 Qxd2+ 26. Rxd2 Kf8 27. f5 Ke7 28. f6+ Kf8 29. g5 Rc7 30. Rh4 Kg8 31. Bxd5 exd5 32. Rh3 Re8 33. Re3 Rc1 34. h4 Rf1+ 35. Kg2 h5 36. e6 Rf4 37. exf7+ Kxf7 38. Rxe8 Kxe8 39. Ne6 Rg4+ 40. Kf3 Bb7 41. Re2 d4+ 42. Kf2 d3 43. Ng7+ Kd8 44. Re8+ Kd7 45. Re7+ Kc6 46. f7 d2 47. f8=Q d1=Q 48. Qe8+ Kc5 49. Rc7+ Kd4 50. Qe3+ Kd5 51. Rd7+ 1-0

[Event "Condigne Dutch Open 2018"]
[Site "Dieren"]
[Date "2018.07.28"]
[Round "5"]
[White "Viani Antonio Dcunha"]
[Black "Evengroen, Henk-Jan"]
[Result "1-0"]
[ECO "C55"]
[WhiteElo "2404"]
[BlackElo "2160"]
[Annotator "NA"]
[PlyCount "57"]
[EventDate "2018.07.24"]
[EventType "swiss"]
[EventCountry "NED"]
[SourceTitle "playchess.com"]
[Source "ChessBase"]
[SourceQuality "1"]
[TimeControl "40/5400+30:1800+30"]

1. e4 e5 2. Nf3 Nc6 3. Bc4 Nf6 4. d3 Be7 5. Nbd2 O-O 6. Bb3 d6 7. c3 Na5 8. Bc2 c5 9. Nf1 Nc6 10. Ng3 Qc7 11. O-O h6 12. h3 Be6 13. Nh2 d5 14. Qf3 Qd7 15. Nf5 Bxf5 16. exf5 c4 17. dxc4 e4 18. Qd1 d4 19. cxd4 Nxd4 20. Ng4 Nxg4 21. hxg4 Rad8 22. Bxe4 Qc7 23. Bd5 Bc5 24. Be3 Qe5 25. Qd3 b5 26. b3 Rfe8 27. Rad1 Rxd5 28. cxd5 Bd6 29. g3 1-0

[Event "Condigne Dutch Open 2018"]
[Site "Dieren"]
[Date "2018.07.28"]
[Round "5"]
[White "Miedema, David"]
[Black "Sparenberg, Erik"]
[Result "1/2-1/2"]
[ECO "C01"]
[WhiteElo "2370"]
[BlackElo "2173"]
[Annotator "NA"]
[PlyCount "79"]
[EventDate "2018.07.24"]
[EventType "swiss"]
[EventCountry "NED"]
[SourceTitle "playchess.com"]
[Source "ChessBase"]
[SourceQuality "1"]
[TimeControl "40/5400+30:1800+30"]

1. c4 e6 2. e4 d5 3. exd5 exd5 4. d4 Nf6 5. Nc3 Be7 6. Nf3 O-O 7. Be2 dxc4 8. Bxc4 Bg4 9. Be3 c6 10. h3 Bh5 11. g4 Bg6 12. Ne5 Nbd7 13. f4 Be4 14. Nxe4 Nxe4 15. O-O Nb6 16. Bb3 Nd5 17. Qd3 Nd6 18. Rae1 Nb5 19. Bf2 Bh4 20. Qd2 Re8 21. Nf3 Bxf2+ 22. Kxf2 Qd6 23. Re5 f6 24. Rxe8+ Rxe8 25. Re1 Rxe1 26. Qxe1 Kf8 27. Qe4 g6 28. Kg3 Nbc7 29. h4 Ne6 30. Bxd5 cxd5 31. Qe3 g5 32. Qc1 Qxf4+ 33. Qxf4 gxf4+ 34. Kh3 Kg7 35. g5 Kg6 36. Kg4 f5+ 37. Kh3 Kh5 38. Ne5 Nxd4 39. Nd7 Kg6 40. Ne5+ 1/2-1/2

[Event "Condigne Dutch Open 2018"]
[Site "Dieren"]
[Date "2018.07.28"]
[Round "5"]
[White "Geurink, Jasper"]
[Black "Pruijssers, Roeland"]
[Result "1/2-1/2"]
[ECO "C00"]
[WhiteElo "2348"]
[BlackElo "2501"]
[Annotator "ChessBase"]
[PlyCount "78"]
[EventDate "2018.07.24"]
[EventType "swiss"]
[EventCountry "NED"]
[SourceTitle "playchess.com"]
[Source "ChessBase"]
[SourceQuality "1"]
[TimeControl "40/5400+30:1800+30"]

1. e4 c5 2. Nf3 e6 3. d3 Nc6 4. g3 Nf6 5. Bg2 Be7 6. O-O d5 7. Qe2 O-O 8. e5 Nd7 9. c4 Nb6 10. Bf4 f5 11. exf6 Bxf6 12. Nc3 e5 13. Nxe5 Nd4 14. Qh5 g6 15. Nxg6 Qe8 16. Nxd5 hxg6 17. Nxf6+ Rxf6 18. Qxc5 Ne2+ 19. Kh1 Nxf4 20. gxf4 Bf5 21. Rfe1 Re6 22. Rxe6 Qxe6 23. Qe3 Qxe3 24. fxe3 Bxd3 25. b3 Re8 26. Bxb7 Rxe3 27. c5 Nd7 28. Rc1 Nf6 29. Kg1 Re2 30. Bf3 Rd2 31. c6 Bf5 32. Rc4 Kf7 33. Ra4 Ke6 34. Rxa7 Rc2 35. Ra4 Nd5 36. Rd4 Ne7 37. a4 Nxc6 38. Rc4 Rxc4 39. bxc4 Nb8 1/2-1/2

[Event "Condigne Dutch Open 2018"]
[Site "Dieren"]
[Date "2018.07.28"]
[Round "5"]
[White "Anand Nadar"]
[Black "Warmerdam, Max"]
[Result "1/2-1/2"]
[ECO "E18"]
[WhiteElo "2346"]
[BlackElo "2424"]
[Annotator "NA"]
[PlyCount "38"]
[EventDate "2018.07.24"]
[EventType "swiss"]
[EventCountry "NED"]
[SourceTitle "playchess.com"]
[Source "ChessBase"]
[SourceQuality "1"]
[TimeControl "40/5400+30:1800+30"]

1. d4 Nf6 2. c4 e6 3. Nf3 b6 4. g3 Bb7 5. Bg2 Be7 6. O-O O-O 7. Nc3 Ne4 8. Bd2 Bf6 9. Ne5 Nxc3 10. Bxc3 Bxg2 11. Kxg2 d5 12. Qd3 Bxe5 13. dxe5 dxc4 14. Qxc4 Qd5+ 15. Qxd5 exd5 16. Rad1 c6 17. e4 dxe4 18. Rfe1 Na6 19. Rxe4 Rfd8 1/2-1/2

[Event "Condigne Dutch Open 2018"]
[Site "Dieren"]
[Date "2018.07.28"]
[Round "5"]
[White "Maris, Ivo"]
[Black "Van Helvoort, Rob"]
[Result "1-0"]
[ECO "A36"]
[WhiteElo "2342"]
[BlackElo "2119"]
[Annotator "NA"]
[PlyCount "151"]
[EventDate "2018.07.24"]
[EventType "swiss"]
[EventCountry "NED"]
[SourceTitle "playchess.com"]
[Source "ChessBase"]
[SourceQuality "1"]
[TimeControl "40/5400+30:1800+30"]

1. c4 c5 2. g3 g6 3. Bg2 Bg7 4. Nc3 Nc6 5. d3 d6 6. e4 Rb8 7. Nge2 a6 8. a4 h5 9. Be3 Nd4 10. h3 Qa5 11. O-O Nxe2+ 12. Qxe2 Bxc3 13. bxc3 Qxc3 14. f4 Nh6 15. Rac1 Qg7 16. Bd2 O-O 17. f5 f6 18. Kh2 Bd7 19. fxg6 Qxg6 20. Rf4 b5 21. cxb5 axb5 22. a5 b4 23. Bf3 Rb5 24. Bxh5 Qg7 25. Rh4 Nf7 26. Bg4 e6 27. d4 Rxa5 28. d5 Bb5 29. Qe3 exd5 30. Be6 Ra3 31. Qf2 Be2 32. Bh6 Qg6 33. Bf5 Rf3 34. Qxf3 Bxf3 35. Bxg6 Nxh6 36. Rxh6 Kg7 37. Rh5 dxe4 38. Rd5 Kxg6 39. Rxd6 Rc8 40. Rb6 Ra8 41. g4 Ra5 42. Kg3 Be2 43. Kf4 Ra3 44. h4 Rf3+ 45. Kxe4 Rh3 46. g5 Bd3+ 47. Kd5 Rxh4 48. Rg1 Rh5 49. Rxf6+ Kg7 50. Rb6 c4 51. Rxb4 Rh8 52. Rb7+ Kg6 53. Rb6+ Kg7 54. Kd4 Rh4+ 55. Kc3 Rh3 56. Kb4 Be2 57. Re6 Rb3+ 58. Kc5 Bd3 59. g6 c3 60. Re7+ Kg8 61. g7 Rb8 62. Kd4 Bh7 63. Kxc3 Rd8 64. Kc4 Bd3+ 65. Kc5 Bc2 66. Kc6 Bb3 67. Kc7 Ra8 68. Rd7 Ra7+ 69. Kd6 Ra8 70. Ke7 Bc2 71. Rd8+ Rxd8 72. Kxd8 Bb3 73. Ke7 Bd5 74. Kf6 Be4 75. Rd1 Bh7 76. Rd8# 1-0

[Event "Condigne Dutch Open 2018"]
[Site "Dieren"]
[Date "2018.07.28"]
[Round "5"]
[White "De Jong, Migchiel"]
[Black "Bruil, Rembrandt"]
[Result "1-0"]
[ECO "B38"]
[WhiteElo "2339"]
[BlackElo "2126"]
[Annotator "NA"]
[PlyCount "81"]
[EventDate "2018.07.24"]
[EventType "swiss"]
[EventCountry "NED"]
[SourceTitle "playchess.com"]
[Source "ChessBase"]
[SourceQuality "1"]
[TimeControl "40/5400+30:1800+30"]

1. e4 c5 2. Nf3 Nc6 3. d4 cxd4 4. Nxd4 g6 5. c4 Nf6 6. Nc3 Bg7 7. Be3 d6 8. Be2 O-O 9. O-O Nxd4 10. Bxd4 Bd7 11. Qc2 a6 12. a4 Qc7 13. a5 Be6 14. Bb6 Qc6 15. b3 Nd7 16. Be3 Rac8 17. Rfd1 Qc7 18. Ra2 f5 19. exf5 Bxf5 20. Bd3 Bxd3 21. Qxd3 Nc5 22. Qc2 e6 23. Ne4 Rcd8 24. b4 Nxe4 25. Qxe4 Qf7 26. Rad2 Qe7 27. c5 dxc5 28. Bxc5 Rxd2 29. Rxd2 Qf6 30. g3 Rf7 31. Rd6 Bf8 32. Rxe6 Qa1+ 33. Kg2 Bxc5 34. bxc5 Qxa5 35. Re8+ Kg7 36. Qd4+ Kh6 37. Rg8 Kg5 38. h4+ Kh5 39. Qd1+ Kh6 40. Qc1+ Kh5 41. Qg5# 1-0